TOP OF THE 1ST |
Auburn Doubledays batting - Pitching for West Virginia Black Bears : RHP Matt Decker
|
Pitching: RHP Matt Decker
|
|
Batting: RHB Jim Miske
|
0-0: Foul Ball, location: 2F 0-1: Ball 1-1: Ball 2-1: SINGLE (Line Drive, 7LS, EV 106.2 MPH)
|
Batting: RHB Travis Stanley
|
0-0: Called Strike 0-1: Reached on error, E1 (Groundball, 15S, EV 68.1 MPH) Jim Miske to second
|
Batting: RHB Ryan Hiemer
|
0-0: Foul Ball, location: 2F 0-1: Foul Ball, location: 2F 0-2: Ball 1-2: Strikes out looking
|
Batting: RHB Slavik Nebrodov
|
0-0: Ball 1-0: Foul Ball, location: 2F 1-1: DOUBLE (Flyball, 8RXD, EV 109.4 MPH) Jim Miske scores Travis Stanley to third
|
Batting: LHB Elias Posada
|
0-0: Swinging Strike 0-1: Foul Ball, location: 2F 0-2: Ball 1-2: Foul Ball, location: 2F 1-2: SINGLE (Groundball, 34S, EV 67.5 MPH) (infield hit)
|
Batting: RHB Joe Young
|
0-0: Ball Wild Pitch! Travis Stanley scores Slavik Nebrodov to third Elias Posada to second 1-0: Called Strike 1-1: SINGLE (Line Drive, 3D, EV 95.0 MPH) Slavik Nebrodov scores Elias Posada to third Runner from 3rd tries for Home, SAFE, throw by RF to home
|
Batting: RHB Bryan Ernst
|
0-0: Reached on error, E5 (Groundball, 15, EV 78.1 MPH) Joe Young to second
|
Batting: RHB Jon Hill
|
0-0: Ball 1-0: Called Strike 1-1: Called Strike 1-2: Strikes out swinging
|
Batting: RHB David Rojas
|
0-0: Foul Ball, location: 2F 0-1: Ball 1-1: Ball 2-1: Foul Ball, location: 2F 2-2: Strikes out swinging
|
Top of the 1st over - 4 runs, 4 hits, 2 errors, 2 left on base; Auburn 4 - West Virginia 0 |
BOTTOM OF THE 1ST |
West Virginia Black Bears batting - Pitching for Auburn Doubledays : RHP Travis Hardin
|
Pitching: RHP Travis Hardin
|
|
Batting: LHB Joe Hoover
|
0-0: Ball 1-0: Ball 2-0: Foul Ball, location: 2F 2-1: Foul Ball, location: 2F 2-2: Ball 3-2: Ground out 4-3 (Groundball, 4, EV 108.1 MPH)
|
Batting: RHB Jose Almonte
|
0-0: Called Strike 0-1: Ball 1-1: Ground out 3-1 (Groundball, 34, EV 82.5 MPH)
|
Batting: RHB Aaron Kaskie
|
0-0: Ball 1-0: Ball 2-0: Swinging Strike 2-1: Foul Ball, location: 2F 2-2: Ball 3-2: Base on Balls
|
Batting: SHB Mike Corley
|
0-0: Ball Wild Pitch! Aaron Kaskie to second 1-0: Ball 2-0: Called Strike 2-1: Foul Ball, location: 2F 2-2: Ground out U3 (Groundball, 3, EV 92.5 MPH)
|
Bottom of the 1st over - 0 runs, 0 hits, 0 errors, 1 left on base; Auburn 4 - West Virginia 0 |
TOP OF THE 2ND |
Auburn Doubledays batting - Pitching for West Virginia Black Bears : RHP Matt Decker
|
Batting: RHB Jim Miske
|
0-0: Called Strike 0-1: Ball 1-1: Ball 2-1: Swinging Strike 2-2: Strikes out looking
|
Batting: RHB Travis Stanley
|
0-0: SINGLE (Line Drive, 8LS, EV 88.8 MPH)
|
Batting: RHB Ryan Hiemer
|
0-0: Fielders Choice at 2nd, 5-4 (Groundball, 56, EV 109.4 MPH)
|
Batting: RHB Slavik Nebrodov
|
0-0: Ball 1-0: Foul Ball, location: 2F 1-1: Ball 2-1: Ball Ryan Hiemer is caught stealing 2nd base 2-4
|
Top of the 2nd over - 0 runs, 1 hit, 0 errors, 0 left on base; Auburn 4 - West Virginia 0 |
BOTTOM OF THE 2ND |
West Virginia Black Bears batting - Pitching for Auburn Doubledays : RHP Travis Hardin
|
Batting: RHB Chris Beckham
|
0-0: Ball 1-0: Swinging Strike 1-1: Called Strike 1-2: Foul Ball, location: 2F 1-2: DOUBLE (Groundball, 5L, EV 106.2 MPH)
|
Batting: LHB Donald Imre
|
0-0: Ball 1-0: Called Strike 1-1: Swinging Strike 1-2: Ground out 6-3 (Groundball, 6, EV 85.0 MPH)
|
Batting: RHB Freddy Quintero
|
0-0: Called Strike 0-1: Swinging Strike 0-2: Strikes out swinging
|
Batting: LHB Brandon Sarni
|
0-0: Ball 1-0: Ball 2-0: Called Strike 2-1: Foul Ball, location: 2F 2-2: Strikes out swinging
|
Bottom of the 2nd over - 0 runs, 1 hit, 0 errors, 1 left on base; Auburn 4 - West Virginia 0 |
TOP OF THE 3RD |
Auburn Doubledays batting - Pitching for West Virginia Black Bears : RHP Matt Decker
|
Batting: RHB Slavik Nebrodov
|
0-0: SINGLE (Line Drive, 56D, EV 98.8 MPH)
|
Batting: LHB Elias Posada
|
0-0: Foul Ball, location: 2F 0-1: Foul Ball, location: 2F 0-2: Fly out, F6 (Flyball, 6MD, EV 80.6 MPH)
|
Batting: RHB Joe Young
|
0-0: Called Strike 0-1: Ball 1-1: Ball 2-1: Ball 3-1: Base on Balls Slavik Nebrodov to second
|
Batting: RHB Bryan Ernst
|
0-0: Ball 1-0: Ball 2-0: Grounds into double play, 4-6-3 (Groundball, 4, EV 85.6 MPH)
|
Top of the 3rd over - 0 runs, 1 hit, 0 errors, 1 left on base; Auburn 4 - West Virginia 0 |
BOTTOM OF THE 3RD |
West Virginia Black Bears batting - Pitching for Auburn Doubledays : RHP Travis Hardin
|
Batting: RHB Steve Dennis
|
0-0: Swinging Strike 0-1: Swinging Strike 0-2: Strikes out swinging
|
Batting: LHB Joe Hoover
|
0-0: Swinging Strike 0-1: Ball 1-1: Foul Ball, location: 2F 1-2: Ground out 4-3 (Groundball, 4, EV 79.4 MPH)
|
Batting: RHB Jose Almonte
|
0-0: Ball 1-0: Ground out U3 (Groundball, 34S, EV 90.0 MPH)
|
Bottom of the 3rd over - 0 runs, 0 hits, 0 errors, 0 left on base; Auburn 4 - West Virginia 0 |
TOP OF THE 4TH |
Auburn Doubledays batting - Pitching for West Virginia Black Bears : RHP Matt Decker
|
Batting: RHB Jon Hill
|
0-0: Swinging Strike 0-1: Ball 1-1: Foul Ball, location: 2F 1-2: Ground out 5-3 (Groundball, 56, EV 96.9 MPH)
|
Batting: RHB David Rojas
|
0-0: Swinging Strike 0-1: Ground out 3-1 (Groundball, 34, EV 101.2 MPH)
|
Batting: RHB Jim Miske
|
0-0: Ball 1-0: Ball 2-0: Foul Ball, location: 2F 2-1: Foul Ball, location: 2F 2-2: Ball 3-2: Foul Ball, location: 2F 3-2: Foul Ball, location: 2F 3-2: Foul Ball, location: 2F 3-2: Foul Ball, location: 2F 3-2: Fly out, F7 (Flyball, 78XD, EV 108.8 MPH)
|
Top of the 4th over - 0 runs, 0 hits, 0 errors, 0 left on base; Auburn 4 - West Virginia 0 |
BOTTOM OF THE 4TH |
West Virginia Black Bears batting - Pitching for Auburn Doubledays : RHP Travis Hardin
|
Batting: RHB Aaron Kaskie
|
0-0: Called Strike 0-1: Ball 1-1: Swinging Strike 1-2: Ground out 6-3 (Groundball, 6, EV 81.9 MPH)
|
Batting: SHB Mike Corley
|
0-0: Called Strike 0-1: DOUBLE (Line Drive, 9LM, EV 104.4 MPH)
|
Batting: RHB Chris Beckham
|
0-0: Ball 1-0: Called Strike 1-1: Ball 2-1: Ball 3-1: Fly out, F8 (Flyball, 8LM, EV 95.6 MPH)
|
Batting: LHB Donald Imre
|
0-0: Ball 1-0: Foul Ball, location: 2F 1-1: Ball 2-1: Ball Wild Pitch! Mike Corley to third 3-1: Base on Balls
|
Batting: RHB Freddy Quintero
|
0-0: Ball 1-0: Called Strike 1-1: Ball 2-1: Swinging Strike 2-2: Foul Ball, location: 2F 2-2: Ground out 6-3 (Groundball, 6S, EV 82.5 MPH)
|
Bottom of the 4th over - 0 runs, 1 hit, 0 errors, 2 left on base; Auburn 4 - West Virginia 0 |
TOP OF THE 5TH |
Auburn Doubledays batting - Pitching for West Virginia Black Bears : RHP Matt Decker
|
Batting: RHB Travis Stanley
|
0-0: Ball 1-0: Ball 2-0: Ball 3-0: Swinging Strike 3-1: Called Strike 3-2: Strikes out swinging
|
Batting: RHB Ryan Hiemer
|
0-0: Ground out 6-3 (Groundball, 56D, EV 102.5 MPH)
|
Batting: RHB Slavik Nebrodov
|
0-0: Ground out 6-3 (Groundball, 56, EV 93.1 MPH)
|
Top of the 5th over - 0 runs, 0 hits, 0 errors, 0 left on base; Auburn 4 - West Virginia 0 |
BOTTOM OF THE 5TH |
West Virginia Black Bears batting - Pitching for Auburn Doubledays : RHP Travis Hardin
|
Batting: LHB Brandon Sarni
|
0-0: Ball 1-0: Swinging Strike 1-1: SINGLE (Groundball, 4S, EV 96.9 MPH)
|
Batting: RHB Steve Dennis
|
0-0: Called Strike 0-1: 2-RUN HOME RUN (Flyball, 78XD, EV 110.6 MPH), Distance : 425 ft
|
Batting: LHB Joe Hoover
|
0-0: Called Strike 0-1: Called Strike 0-2: Strikes out swinging
|
Batting: RHB Jose Almonte
|
0-0: Ball 1-0: Ball 2-0: Ground out 6-3 (Groundball, 6, EV 103.1 MPH)
|
Batting: RHB Aaron Kaskie
|
0-0: Ball 1-0: Foul Ball, location: 2F 1-1: Ball 2-1: Called Strike 2-2: Strikes out looking
|
Bottom of the 5th over - 2 runs, 2 hits, 0 errors, 0 left on base; Auburn 4 - West Virginia 2 |
TOP OF THE 6TH |
Auburn Doubledays batting - Pitching for West Virginia Black Bears : RHP Matt Decker
|
Batting: LHB Elias Posada
|
0-0: Called Strike 0-1: Ball 1-1: Ball 2-1: Foul Ball, location: 2F 2-2: Ground out 6-3 (Groundball, 6, EV 88.1 MPH)
|
Batting: RHB Joe Young
|
0-0: Foul Ball, location: 2F 0-1: Foul Ball, location: 2F 0-2: Ball 1-2: Strikes out swinging
|
Batting: RHB Bryan Ernst
|
0-0: Foul Ball, location: 2F 0-1: Ball 1-1: Ball 2-1: Swinging Strike 2-2: Foul Ball, location: 2F 2-2: Fly out, F7 (Line Drive, 7, EV 92.5 MPH)
|
Top of the 6th over - 0 runs, 0 hits, 0 errors, 0 left on base; Auburn 4 - West Virginia 2 |
BOTTOM OF THE 6TH |
West Virginia Black Bears batting - Pitching for Auburn Doubledays : RHP Travis Hardin
|
Pitching: LHP Manny Aguilera
|
|
Batting: SHB Mike Corley
|
0-0: Ball 1-0: Ball 2-0: Ball 3-0: Called Strike 3-1: SINGLE (Groundball, 56S, EV 69.4 MPH) (infield hit)
|
Batting: RHB Chris Beckham
|
0-0: Called Strike 0-1: SINGLE (Groundball, 56S, EV 67.5 MPH) (infield hit) Mike Corley to second
|
Batting: RHB John Goynes
|
0-0: Ball 1-0: Called Strike 1-1: SINGLE (Line Drive, 8RS, EV 95.6 MPH) Mike Corley to third Chris Beckham to second
|
Batting: RHB Freddy Quintero
|
0-0: Ball 1-0: Called Strike 1-1: Ball 2-1: Foul Ball, location: 2F 2-2: Ball 3-2: Foul Ball, location: 2F 3-2: Fly out, F8 (Flyball, 8LXD, EV 101.2 MPH) Runner from 3rd tags up, SCORES, no throw by CF
|
Pinch Hitting: RHB Roberto Guzman
|
0-0: Ball 1-0: Ball 2-0: Called Strike 2-1: Ball 3-1: Base on Balls Chris Beckham to third John Goynes to second
|
Batting: RHB Steve Dennis
|
0-0: Ball 1-0: Foul Ball, location: 2F 1-1: Ball 2-1: Called Strike 2-2: Ball 3-2: Base on Balls Chris Beckham scores John Goynes to third Roberto Guzman to second
|
Pinch Hitting: RHB Tim Brereton
|
0-0: Reached on error, E4 (Groundball, P, EV 85.6 MPH) John Goynes scores Roberto Guzman to third Steve Dennis to second
|
Batting: RHB Jose Almonte
|
0-0: Ball 1-0: Ball 2-0: Ball Wild Pitch! Roberto Guzman scores Steve Dennis to third Tim Brereton to second 3-0: DOUBLE (Flyball, 8LXD, EV 110.6 MPH) Steve Dennis scores Tim Brereton scores
|
Pitching: RHP Luis Galvez
|
|
Batting: RHB Aaron Kaskie
|
0-0: Swinging Strike 0-1: Ball Wild Pitch! Jose Almonte to third 1-1: Called Strike 1-2: Strikes out swinging
|
Batting: SHB Mike Corley
|
0-0: Foul Ball, location: 2F 0-1: Foul Ball, location: 2F 0-2: Strikes out swinging
|
Bottom of the 6th over - 6 runs, 4 hits, 1 error, 1 left on base; Auburn 4 - West Virginia 8 |
TOP OF THE 7TH |
Auburn Doubledays batting - Pitching for West Virginia Black Bears : RHP Matt Decker
|
Pitching: LHP Latrell Tisdale
|
|
Now at 2B: Pleun Smit
|
|
Now at SS: Steve Dennis
|
|
Now in LF: Alan Pumphrey
|
|
Now in CF: Junki Nakamoto
|
|
Batting: RHB Jon Hill
|
0-0: Swinging Strike 0-1: Ball 1-1: SOLO HOME RUN (Flyball, 7D, EV 103.8 MPH), Distance : 391 ft
|
Batting: RHB David Rojas
|
0-0: Ball 1-0: Ball 2-0: Ground out 6-3 (Groundball, 6, EV 88.1 MPH)
|
Batting: RHB Jim Miske
|
0-0: Foul Ball, location: 2F 0-1: Ball 1-1: SINGLE (Groundball, 23, EV 80.0 MPH) (infield hit)
|
Batting: RHB Travis Stanley
|
0-0: Ball 1-0: Called Strike 1-1: Foul Ball, location: 2F 1-2: SINGLE (Groundball, 34D, EV 95.0 MPH) Jim Miske to second Runner from 2nd tries for 3rd, SAFE, throw by RF made at trailing runner, OUT! 9-6
|
Batting: RHB Ryan Hiemer
|
0-0: Ball 1-0: Ball 2-0: Ball 3-0: Base on Balls
|
Batting: RHB Slavik Nebrodov
|
0-0: Swinging Strike 0-1: Ball 1-1: Swinging Strike 1-2: Ball 2-2: Strikes out swinging
|
Top of the 7th over - 1 run, 3 hits, 0 errors, 2 left on base; Auburn 5 - West Virginia 8 |
BOTTOM OF THE 7TH |
West Virginia Black Bears batting - Pitching for Auburn Doubledays : RHP Luis Galvez
|
Batting: RHB Chris Beckham
|
0-0: Ball 1-0: Ball 2-0: SINGLE (Groundball, 4M, EV 109.4 MPH) (infield hit)
|
Batting: RHB John Goynes
|
0-0: Ball 1-0: Ball 2-0: Sac Bunt to 13S - play at first, batter OUT! 1-4 Chris Beckham to second
|
Batting: RHB Freddy Quintero
|
0-0: Ground out 4-3 (Groundball, 4, EV 106.9 MPH) Chris Beckham to third
|
Batting: LHB Alan Pumphrey
|
0-0: Ball 1-0: Ball Balk! Chris Beckham scores 2-0: Ball 3-0: Base on Balls
|
Batting: RHB Steve Dennis
|
0-0: Ball Alan Pumphrey is caught stealing 2nd base 2-4
|
Bottom of the 7th over - 1 run, 1 hit, 0 errors, 0 left on base; Auburn 5 - West Virginia 9 |
TOP OF THE 8TH |
Auburn Doubledays batting - Pitching for West Virginia Black Bears : LHP Latrell Tisdale
|
Pitching: RHP Adam Monge
|
|
Batting: LHB Elias Posada
|
0-0: Ball 1-0: Ball 2-0: Called Strike 2-1: Ball 3-1: Base on Balls
|
Batting: RHB Joe Young
|
0-0: Foul Ball, location: 2F 0-1: Swinging Strike 0-2: Ball 1-2: Strikes out looking
|
Pinch Hitting: LHB John Luke
|
0-0: Ball 1-0: Foul Ball, location: 2F 1-1: Foul Ball, location: 2F 1-2: Ball 2-2: Fielders Choice at 2nd, 6-4 (Groundball, 6D, EV 100.6 MPH)
|
Batting: RHB Jon Hill
|
0-0: Called Strike 0-1: Swinging Strike 0-2: Strikes out looking
|
Top of the 8th over - 0 runs, 0 hits, 0 errors, 1 left on base; Auburn 5 - West Virginia 9 |
BOTTOM OF THE 8TH |
West Virginia Black Bears batting - Pitching for Auburn Doubledays : RHP Luis Galvez
|
Pitching: RHP Mike DiFonzo
|
|
Now in LF: John Luke
|
|
Batting: RHB Steve Dennis
|
0-0: Ball 1-0: Foul Ball, location: 2F 1-1: Ball 2-1: Swinging Strike 2-2: Strikes out swinging
|
Batting: RHB Pleun Smit
|
0-0: Ground out 5-3 (Groundball, 56, EV 101.9 MPH)
|
Batting: RHB Junki Nakamoto
|
0-0: Called Strike 0-1: Called Strike 0-2: Ball 1-2: Ball 2-2: Ball 3-2: Base on Balls
|
Batting: RHB Aaron Kaskie
|
0-0: Ball 1-0: Ball Junki Nakamoto steals 2nd base 2-0: Foul Ball, location: 2F 2-1: Foul Ball, location: 2F 2-2: Strikes out swinging
|
Bottom of the 8th over - 0 runs, 0 hits, 0 errors, 1 left on base; Auburn 5 - West Virginia 9 |
TOP OF THE 9TH |
Auburn Doubledays batting - Pitching for West Virginia Black Bears : RHP Adam Monge
|
Pitching: RHP Yuan-zhang Pi
|
|
Pinch Hitting: SHB Alex Medina
|
0-0: DOUBLE (Line Drive, 7LM, EV 100.6 MPH)
|
Batting: RHB Jim Miske
|
0-0: Ball 1-0: Ball 2-0: Swinging Strike 2-1: Foul Ball, location: 2F 2-2: Strikes out looking
|
Batting: RHB Travis Stanley
|
0-0: Called Strike 0-1: Ball Wild Pitch! Alex Medina to third 1-1: Ball 2-1: Called Strike 2-2: Strikes out swinging
|
Batting: RHB Ryan Hiemer
|
0-0: Ball 1-0: Fly out, F8 (Flyball, 89D, EV 103.8 MPH)
|
Top of the 9th over - 0 runs, 1 hit, 0 errors, 1 left on base; Auburn 5 - West Virginia 9 |
|